[ AOE2 MATCH · #508082036 ]
UnrankedKoreans vs Cumans
Player's team · WIN
Rival team · LOSS
[ REPLAY ANALYSIS · EXTRACTED FROM THE RECORDED GAME ]
Feudal
13:09
Castle
29:41
Imperial
—
| APM avg | 52.1 |
| APM peak | 73 |
| eAPM avg | 33.4 |
| Villagers / military | 141 / 114 |
Focus
⚔️ 49.9% · 🌾 50.1%
Fishing Ship ×42 · Archer ×38 · Skirmisher ×30 · Spearman ×29 · Militia ×9 · Fire Lancer ×8
Feudal
9:31
Castle
24:40
Imperial
—
| APM avg | 36.9 |
| APM peak | 74 |
| eAPM avg | 17.9 |
| Villagers / military | 57 / 30 |
Focus
⚔️ 24.1% · 🌾 75.9%
Archer ×10 · Skirmisher ×6 · Militia ×4 · Scout Cavalry ×4 · Steppe Lancer ×3 · Knight ×2
Match map
Initial resources + every placement click. Lines = walls · curves = elevation contours. ◆ gold · ⬟ stone · ● berries · ✦ relic · ◌ wall gap
Your base· Open — 13t gap
muirhead25's base· Open — 8t gap
Smoothed initial terrain · ◌ = detected wall gap · hover for details
Inputs per minute
— DS_La década ganada - - muirhead25
Build order — DS_La década ganada
First 150 of 413 actions detected
| 0:00 | Queue | Villager (Male) |
| 0:00 | Queue | Villager (Male) |
| 0:02 | Build | House |
| 0:02 | Build | House |
| 0:04 | Build | House |
| 0:05 | Queue | Villager (Male) |
| 0:06 | Queue | Villager (Male) |
| 0:06 | Queue | Villager (Male) |
| 1:14 | Queue | Villager (Male) |
| 1:14 | Queue | Villager (Male) |
| 1:24 | Build | Lumber Camp |
| 1:40 | Queue | Villager (Male) |
| 2:09 | Queue | Villager (Male) |
| 2:41 | Queue | Villager (Male) |
| 3:14 | Queue | Villager (Male) |
| 3:14 | Queue | Villager (Male) |
| 3:46 | Queue | Villager (Male) |
| 3:57 | Build | House |
| 3:58 | Build | Dock |
| 4:03 | Queue | Villager (Male) |
| 4:31 | Queue | Villager (Male) |
| 4:54 | Build | Palisade Wall |
| 4:59 | Build | Palisade Wall |
| 5:05 | Queue | Villager (Male) |
| 5:06 | Queue | Villager (Male) |
| 5:26 | Queue | Villager (Male) |
| 5:27 | Queue | Villager (Male) |
| 5:40 | Queue | Villager (Male) |
| 5:58 | Build | House |
| 6:01 | Queue | Fishing Ship |
| 6:01 | Queue | Fishing Ship |
| 6:16 | Build | Barracks |
| 6:22 | Queue | Villager (Male) |
| 6:27 | Queue | Villager (Male) |
| 6:35 | Queue | Fishing Ship |
| 6:35 | Queue | Fishing Ship |
| 6:39 | Queue | Villager (Male) |
| 6:40 | Queue | Villager (Male) |
| 6:54 | Build | Palisade Wall |
| 6:56 | Build | Palisade Wall |
| 7:05 | Build | House |
| 7:09 | Queue | Militia |
| 7:09 | Queue | Militia |
| 7:11 | Queue | Villager (Male) |
| 7:27 | Queue | Villager (Male) |
| 7:46 | Queue | Militia |
| 7:47 | Queue | Villager (Male) |
| 7:51 | Build | House |
| 7:54 | Build | House |
| 7:55 | Build | Palisade Wall |
| 7:58 | Queue | Villager (Male) |
| 8:05 | Queue | Villager (Male) |
| 8:09 | Queue | Fishing Ship |
| 8:33 | Queue | Villager (Male) |
| 8:34 | Queue | Fishing Ship |
| 8:42 | Queue | Villager (Male) |
| 8:50 | Build | Mill |
| 9:06 | Queue | Fishing Ship |
| 9:06 | Queue | Fishing Ship |
| 9:06 | Queue | Fishing Ship |
| 9:24 | Queue | Villager (Male) |
| 9:25 | Queue | Villager (Male) |
| 9:41 | Build | House |
| 9:42 | Build | Palisade Wall |
| 10:00 | Queue | Villager (Male) |
| 10:09 | Research | Loom |
| 10:13 | Queue | Villager (Male) |
| 10:27 | Research | Feudal Age |
| 10:38 | Build | Palisade Gate |
| 10:54 | Queue | Villager (Male) |
| 11:33 | Queue | Villager (Male) |
| 11:51 | Queue | Villager (Male) |
| 11:54 | Build | House |
| 12:20 | Queue | Villager (Male) |
| 12:34 | Build | Palisade Wall |
| 12:44 | Queue | Villager (Male) |
| 12:51 | Queue | Villager (Male) |
| 12:56 | Queue | Militia |
| 12:58 | Queue | Villager (Male) |
| 13:00 | Build | Mining Camp |
| 13:09 | Age | Feudal Age |
| 13:13 | Queue | Unit 2626 |
| 13:18 | Build | Archery Range |
| 13:22 | Research | Man-at-Arms (upgrade) |
| 13:22 | Research | Man-at-Arms (upgrade) |
| 13:23 | Queue | Villager (Male) |
| 13:40 | Queue | Villager (Male) |
| 13:45 | Build | Palisade Wall |
| 13:51 | Build | Dock |
| 14:01 | Queue | Villager (Male) |
| 14:08 | Build | Watch Tower |
| 14:11 | Queue | Skirmisher |
| 14:11 | Queue | Skirmisher |
| 14:16 | Build | House |
| 14:18 | Queue | Villager (Male) |
| 14:24 | Queue | Villager (Male) |
| 14:33 | Build | Mining Camp |
| 14:35 | Queue | Villager (Male) |
| 14:38 | Research | Gold Mining |
| 14:48 | Queue | Villager (Male) |
| 14:49 | Research | Double-Bit Axe |
| 14:50 | Research | Double-Bit Axe |
| 15:02 | Build | Watch Tower |
| 15:06 | Queue | Villager (Male) |
| 15:07 | Queue | Villager (Male) |
| 15:07 | Queue | Villager (Male) |
| 15:10 | Queue | Villager (Male) |
| 15:15 | Queue | Villager (Male) |
| 15:20 | Queue | Villager (Male) |
| 15:24 | Research | Arson |
| 15:25 | Queue | Skirmisher |
| 15:33 | Queue | Villager (Male) |
| 15:39 | Queue | Skirmisher |
| 15:39 | Queue | Skirmisher |
| 15:46 | Queue | Villager (Male) |
| 15:49 | Queue | Villager (Male) |
| 16:00 | Queue | Skirmisher |
| 16:00 | Queue | Skirmisher |
| 16:02 | Queue | Fishing Ship |
| 16:15 | Queue | Villager (Male) |
| 16:20 | Queue | Villager (Male) |
| 16:22 | Queue | Skirmisher |
| 16:24 | Build | Watch Tower |
| 16:27 | Build | House |
| 16:28 | Queue | Skirmisher |
| 16:28 | Queue | Skirmisher |
| 16:36 | Build | House |
| 16:40 | Build | House |
| 16:50 | Queue | Skirmisher |
| 16:57 | Queue | Skirmisher |
| 17:11 | Queue | Villager (Male) |
| 17:17 | Queue | Skirmisher |
| 17:20 | Build | House |
| 17:20 | Queue | Villager (Male) |
| 17:22 | Queue | Villager (Male) |
| 17:25 | Queue | Villager (Male) |
| 17:30 | Queue | Villager (Male) |
| 17:30 | Build | Blacksmith |
| 17:31 | Queue | Villager (Male) |
| 17:33 | Build | House |
| 17:34 | Build | House |
| 17:34 | Queue | Villager (Male) |
| 17:37 | Queue | Skirmisher |
| 17:57 | Queue | Villager (Male) |
| 18:05 | Queue | Fishing Ship |
| 18:06 | Queue | Fishing Ship |
| 18:08 | Queue | Villager (Male) |
| 18:09 | Build | House |
| 18:15 | Build | House |
| 18:21 | Build | Farm |
Build order — muirhead25
First 150 of 151 actions detected
| 0:01 | Queue | Villager (Male) |
| 0:01 | Queue | Villager (Male) |
| 0:02 | Queue | Villager (Male) |
| 0:02 | Queue | Villager (Male) |
| 0:02 | Queue | Villager (Male) |
| 0:04 | Build | House |
| 0:05 | Build | House |
| 1:49 | Queue | Villager (Male) |
| 1:52 | Build | Lumber Camp |
| 2:12 | Queue | Villager (Male) |
| 2:22 | Queue | Villager (Male) |
| 3:11 | Queue | Villager (Male) |
| 3:26 | Queue | Villager (Male) |
| 3:47 | Queue | Villager (Male) |
| 4:08 | Build | House |
| 4:14 | Queue | Villager (Male) |
| 4:14 | Queue | Villager (Male) |
| 4:14 | Queue | Villager (Male) |
| 5:10 | Queue | Villager (Male) |
| 5:23 | Queue | Villager (Male) |
| 5:49 | Build | Mill |
| 5:59 | Queue | Villager (Male) |
| 6:23 | Research | Loom |
| 6:36 | Build | Barracks |
| 6:45 | Queue | Villager (Male) |
| 6:53 | Build | House |
| 7:19 | Research | Feudal Age |
| 7:39 | Queue | Militia |
| 7:40 | Queue | Militia |
| 8:08 | Build | House |
| 8:19 | Build | Mining Camp |
| 8:29 | Queue | Militia |
| 8:49 | Queue | Militia |
| 9:21 | Queue | Villager (Male) |
| 9:31 | Age | Feudal Age |
| 9:34 | Research | Man-at-Arms (upgrade) |
| 9:44 | Build | Watch Tower |
| 9:54 | Queue | Villager (Male) |
| 10:09 | Build | Palisade Wall |
| 10:11 | Build | Palisade Wall |
| 10:13 | Build | Palisade Wall |
| 10:31 | Queue | Villager (Male) |
| 10:38 | Build | House |
| 10:40 | Build | House |
| 10:43 | Build | House |
| 10:45 | Build | House |
| 10:46 | Build | House |
| 11:01 | Queue | Villager (Male) |
| 11:10 | Build | Archery Range |
| 11:16 | Build | Palisade Wall |
| 11:17 | Build | Palisade Wall |
| 11:18 | Build | Palisade Wall |
| 11:20 | Build | Palisade Wall |
| 11:24 | Build | Palisade Wall |
| 11:31 | Queue | Villager (Male) |
| 11:43 | Build | Blacksmith |
| 11:46 | Queue | Villager (Male) |
| 12:00 | Queue | Archer |
| 12:00 | Queue | Archer |
| 12:14 | Queue | Villager (Male) |
| 12:39 | Build | Market |
| 12:46 | Queue | Villager (Male) |
| 12:53 | Queue | Villager (Male) |
| 13:02 | Queue | Archer |
| 13:10 | Build | Farm |
| 13:18 | Queue | Archer |
| 13:30 | Queue | Villager (Male) |
| 13:34 | Build | Farm |
| 13:50 | Build | Farm |
| 13:57 | Queue | Archer |
| 14:13 | Queue | Villager (Male) |
| 14:18 | Build | Farm |
| 14:29 | Research | Fletching |
| 14:29 | Research | Fletching |
| 14:45 | Queue | Archer |
| 14:46 | Queue | Villager (Male) |
| 14:49 | Build | Farm |
| 14:52 | Build | Farm |
| 15:04 | Build | Farm |
| 15:10 | Queue | Villager (Male) |
| 15:20 | Queue | Skirmisher |
| 15:42 | Queue | Villager (Male) |
| 15:54 | Queue | Skirmisher |
| 16:07 | Queue | Villager (Male) |
| 16:21 | Queue | Skirmisher |
| 16:35 | Queue | Skirmisher |
| 17:09 | Queue | Villager (Male) |
| 17:18 | Build | Lumber Camp |
| 17:18 | Queue | Villager (Male) |
| 17:22 | Build | Mining Camp |
| 17:23 | Queue | Villager (Male) |
| 17:35 | Queue | Archer |
| 17:40 | Research | Town Watch |
| 18:09 | Queue | Villager (Male) |
| 18:12 | Build | Farm |
| 18:14 | Research | Horse Collar |
| 18:26 | Build | Farm |
| 18:48 | Queue | Villager (Male) |
| 18:49 | Queue | Archer |
| 19:07 | Queue | Villager (Male) |
| 19:18 | Queue | Skirmisher |
| 19:38 | Queue | Villager (Male) |
| 19:51 | Build | Stable |
| 19:54 | Queue | Archer |
| 19:58 | Build | Farm |
| 19:59 | Queue | Villager (Male) |
| 20:27 | Queue | Archer |
| 20:45 | Queue | Villager (Male) |
| 20:46 | Queue | Villager (Male) |
| 20:51 | Build | House |
| 20:52 | Build | House |
| 20:54 | Queue | Scout Cavalry |
| 21:03 | Queue | Skirmisher |
| 21:14 | Queue | Villager (Male) |
| 21:34 | Queue | Villager (Male) |
| 21:41 | Research | Castle Age |
| 22:03 | Build | Stable |
| 22:28 | Research | Bloodlines |
| 22:58 | Queue | Scout Cavalry |
| 23:05 | Queue | Villager (Male) |
| 23:21 | Build | Stable |
| 23:29 | Research | Scale Barding Armor |
| 23:47 | Queue | Villager (Male) |
| 23:50 | Build | Farm |
| 23:53 | Build | Farm |
| 23:58 | Queue | Scout Cavalry |
| 23:58 | Queue | Scout Cavalry |
| 24:27 | Build | Watch Tower |
| 24:40 | Age | Castle Age |
| 24:43 | Queue | Knight |
| 24:45 | Queue | Steppe Lancer |
| 24:47 | Queue | Villager (Male) |
| 25:10 | Queue | Knight |
| 25:34 | Queue | Steppe Lancer |
| 26:00 | Queue | Steppe Lancer |
| 26:41 | Queue | Villager (Male) |
| 26:57 | Build | Farm |
| 26:59 | Queue | Villager (Male) |
| 27:15 | Build | House |
| 27:18 | Build | House |
| 27:30 | Queue | Villager (Male) |
| 27:47 | Build | Siege Workshop |
| 28:09 | Queue | Villager (Male) |
| 28:26 | Queue | Mangonel |
| 28:37 | Build | Watch Tower |
| 28:54 | Queue | Villager (Male) |
| 29:25 | Queue | Villager (Male) |
| 29:25 | Queue | Villager (Male) |
| 29:56 | Queue | Villager (Male) |
| 30:14 | Build | Mining Camp |
Match timeline
| 3:58 | DS_La década ganada · first_building Dock |
| 4:54 | DS_La década ganada · wall_segment Palisade Wall x1 |
| 4:59 | DS_La década ganada · wall_segment Palisade Wall x1 |
| 6:16 | DS_La década ganada · first_building Barracks |
| 6:36 | muirhead25 · first_building Barracks |
| 6:54 | DS_La década ganada · wall_segment Palisade Wall x1 |
| 6:56 | DS_La década ganada · wall_segment Palisade Wall x1 |
| 7:55 | DS_La década ganada · wall_segment Palisade Wall x8 |
| 9:31 | muirhead25 · age_up feudal |
| 9:42 | DS_La década ganada · wall_segment Palisade Wall x10 |
| 10:09 | muirhead25 · wall_segment Palisade Wall x1 |
| 10:11 | muirhead25 · wall_segment Palisade Wall x1 |
| 10:13 | muirhead25 · wall_segment Palisade Wall x1 |
| 11:10 | muirhead25 · first_building Archery Range |
| 11:16 | muirhead25 · wall_segment Palisade Wall x1 |
| 11:17 | muirhead25 · wall_segment Palisade Wall x1 |
| 11:18 | muirhead25 · wall_segment Palisade Wall x1 |
| 11:20 | muirhead25 · wall_segment Palisade Wall x1 |
| 11:24 | muirhead25 · wall_segment Palisade Wall x1 |
| 12:34 | DS_La década ganada · wall_segment Palisade Wall x1 |
| 13:09 | DS_La década ganada · age_up feudal |
| 13:18 | DS_La década ganada · first_building Archery Range |
| 13:45 | DS_La década ganada · wall_segment Palisade Wall x2 |
| 19:51 | muirhead25 · first_building Stable |
| 21:17 | muirhead25 · first_market_sell 100 stone |
| 21:18 | muirhead25 · first_market_buy 100 food |
| 21:43 | DS_La década ganada · first_market_buy 100 food |
| 24:20 | DS_La década ganada · wall_segment Palisade Wall x1 |
| 24:21 | DS_La década ganada · wall_segment Palisade Wall x1 |
| 24:22 | DS_La década ganada · wall_segment Palisade Wall x1 |
| 24:40 | muirhead25 · age_up castle |
| 24:40 | DS_La década ganada · wall_segment Palisade Wall x1 |
| 26:41 | DS_La década ganada · first_market_sell 100 wood |
| 27:47 | muirhead25 · first_building Siege Workshop |
| 29:41 | DS_La década ganada · age_up castle |
| 29:58 | DS_La década ganada · first_building Castle |
| 30:51 | muirhead25 · resign |
[ AI ANALYSIS · 1 CREDIT ]
What really happened in this match?
Wolo.gg analyzes every decision: build order, eco, micro, common mistakes by bracket. Personalized analysis on WhatsApp or Discord in 30 seconds.
Civ guide
Koreans
Perfil
Jugador #2916135